 Dungeon Crawl Stone Soup version 0.19-a0-1608-g4cf22de (webtiles) character file.

802 4thArraOfDagon the Slasher (level 7, -2/53 HPs)
             Began as a Vampire Gladiator on Sept 17, 2016.
             Slain by an ice beast (4 damage)
             ... on level 6 of the Dungeon.
             The game lasted 00:04:57 (999 turns).

4thArraOfDagon the Slasher (Vampire Gladiator)       Turns: 999, Time: 00:04:58

Health: -2/53      AC: 10    Str: 14    XL:     7   Next: 59%
Magic:  9/9        EV: 13    Int: 10    God:
Gold:   134        SH:  0    Dex: 14    Spells: 0 memorised, 6 levels left

rFire  . . .     SeeInvis +     p - wand of iceblast (3/15)
rCold  . . .     Gourm    .     e - +0 ring mail
rNeg   + . .     Faith    .     (no shield)
rPois  .         Spirit   .     c - +0 helmet
rElec  .         Dismiss  .     (no cloak)
rCorr  .         Reflect  .     m - +0 pair of gloves
MR     .....     Harm     .     b - +2 pair of boots
Stlth  +.........               i - amulet of rage
                                (no ring)
                                o - -3 ring of dexterity

@: very slightly contaminated
A: fangs 3, see invisible, unbreathing
a: Bat Form, Evoke Berserk Rage


You were on level 6 of the Dungeon.
You were not thirsty.

You visited 1 branch of the dungeon, and saw 7 of its levels.

You collected 134 gold pieces.

Inventory:

Hand Weapons
 a - a +0 long sword
Armour
 b - a +2 pair of boots (worn)
 c - a +0 helmet (worn)
 e - a +0 ring mail (worn)
 m - a +0 pair of gloves (worn)
Jewellery
 i - an amulet of rage (around neck)
 o - a -3 ring of dexterity (left hand)
Wands
 p - a wand of iceblast (3/15) (in hand)
Potions
 f - a potion of lignification
 l - a potion of curing


   Skills:
 + Level 3.8 Fighting
 * Level 6.2 Long Blades
 - Level 1.5 Throwing
 + Level 5.4 Dodging
 + Level 3.1 Evocations


You had 6 spell levels left.
You didn't know any spells.

Dungeon Overview and Level Annotations

Branches:
Dungeon (7/15)
 Temple: D:4-7

Altars:
Ashenzari


Innate Abilities, Weirdness & Mutations

You have razor-sharp teeth.
You have supernaturally acute eyesight. (SInv)
You can survive without breathing.


Message History

You swing at nothing.
You feel less woody.
Your +0 helmet unmelds from your body.
Your +0 pair of gloves unmelds from your body.
Your +2 pair of boots unmelds from your body.
Your +0 ring mail unmelds from your body.
You swing at nothing.
You feel less exhausted. The ice beast misses you.
The ice beast barely misses you.
You swing at nothing.
The ice beast barely misses you.
You swing at nothing.
The ice beast barely misses you. The ice beast closely misses you.
You swing at nothing.
The ice beast hits you.
* * * LOW HITPOINT WARNING * * *
The ice beast freezes you!
* * * LOW HITPOINT WARNING * * *
You swing at nothing.
The ice beast hits you but does no damage.
The ice beast hits you.
You die...

###############
..........(....
...............
....Z..........
####+####
#..@....#
#..Y....#
#.......#
#.......+
#.....(.#
#.......#
#######...[...#
#.......#######
#.......#


You could see an ice beast.

Vanquished Creatures
  A black bear (D:6)
  An ogre (D:7)
  A centaur (D:6)
  2 ice beasts
  A howler monkey (D:6)
  A centaur zombie (D:6)
  A crimson imp (D:5)
  A hound (D:6)
  A bullfrog skeleton (D:6)
  A jelly (D:7)
  A centaur skeleton (D:6)
  3 worker ants
  2 worker ant zombies
  3 adders
  A howler monkey skeleton (D:6)
  A dart slug (D:1)
  2 leopard geckos (D:7)
  5 orcs
  2 giant cockroaches
  2 hobgoblins
  A kobold (D:3)
  A frilled lizard (D:1)
35 creatures vanquished.

Notes
Turn   | Place    | Note
-------+----------+-------------------------------------------
     0 | D:1      | 4thArraOfDagon the Vampire Gladiator began the quest for the Orb.
     0 | D:1      | Reached XP level 1. HP: 16/16 MP: 1/1
   171 | D:3      | Reached XP level 2. HP: 22/22 MP: 2/2
   193 | D:3      | Found a shattered altar of Ashenzari.
   243 | D:4      | Noticed a scorpion
   246 | D:5      | Entered Level 5 of the Dungeon
   269 | D:6      | Noticed a centaur
   334 | D:5      | Noticed a crimson imp
   341 | D:5      | Killed a crimson imp
   341 | D:5      | Reached skill level 1 in Evocations
   341 | D:5      | Reached XP level 3. HP: 21/28 MP: 3/3
   364 | D:5      | Reached XP level 4. HP: 28/34 MP: 4/4
   452 | D:6      | Noticed a centaur
   459 | D:6      | Reached skill level 4 in Long Blades
   473 | D:6      | Killed a centaur
   473 | D:6      | Reached XP level 5. HP: 8/40 MP: 4/6
   658 | D:6      | Reached XP level 6. HP: 44/47 MP: 7/7
   684 | D:6      | Noticed an ice beast
   717 | D:6      | Reached skill level 5 in Long Blades
   806 | D:7      | Noticed an ice beast
   860 | D:7      | Killed an ice beast
   860 | D:7      | Reached skill level 5 in Dodging
   860 | D:7      | Reached XP level 7. HP: 36/52 MP: 8/8
   956 | D:6      | HP: 3/117 [ice beast (13)]
   960 | D:6      | Reached skill level 6 in Long Blades
   998 | D:6      | HP: 1/53 [ice beast (7)]
   999 | D:6      | Slain by an ice beast

Vault maps used:
D:1:      dpeg_arrival_tiny_a, minmay_small_reverse_x
D:2:      grunt_temple_overflow_open, zin_scriptorium, serial_co_window_serial,
          co_window_paths_b, co_window_paths_b, co_window_of_opportunity_a,
          co_window_paths_a, co_window_paths_b, co_window_broadway_c,
          co_window_cross_4, co_window_corner_b, glass_columns_a,
          glass_columns_a
D:3:      elyvilon_altar_4, nicolae_overflow_crystal_walls
D:5:      first_bread, uniq_blork_the_orc
D:6:      basic_altar
D:7:      grunt_qazlal_clouds, grunt_ogre_cave, uniq_joseph

Skill      XL: |  1  2  3  4  5  6  7 |
---------------+----------------------+-----
Fighting       | 2 3 |  3.8
Evocations     | 1 2 3 |  3.1
Dodging        | 4 5 |  5.4
Long Blades    | 4 5 6 |  6.2
Throwing       | |  1.5

Action                   |  1- 3 |  4- 6 |  7- 9 || total
-------------------------+-------+-------+-------++-------
Melee: Long sword        |    46 |   112 |    45 ||   203
       Bite              |     5 |    16 |     2 ||    23
Throw: Throwing net      |       |     5 |     2 ||     7
 Abil: Evoke Berserk Rag |       |       |     1 ||     1
Evoke: Wand              |       |     1 |       ||     1
  Use: Potion            |     1 |     1 |     3 ||     5
       Scroll            |       |     4 |       ||     4
  Eat: Corpse            |     1 |     3 |       ||     4
Armor: Leather armour    |     1 |       |       ||     1
       Ring mail         |     1 |    30 |    19 ||    50
       Skin              |       |       |     8 ||     8
Dodge: Dodged            |    21 |    58 |    25 ||   104
